 Dungeon Crawl Stone Soup version 0.18-a0-1788-g92de1ac (webtiles) character file.

310 George the Shield-Bearer (level 6, -3/49 HPs)
             Began as a Formicid Fighter on Apr 19, 2016.
             Slain by Edmund
             ... wielding a +3 flail of protection
              (8 damage)
             ... on level 4 of the Dungeon.
             The game lasted 00:04:06 (2913 turns).

George the Shield-Bearer (Formicid Fighter)         Turns: 2913, Time: 00:04:07

Health: -3/49      AC: 10    Str: 26    XL:     6   Next: 70%
Magic:  6/6        EV:  8    Int:  7    God:
Gold:   194        SH: 10    Dex: 10    Spells: 0 memorised, 5 levels left

rFire  . . .     SeeInvis +     a - +0 long sword
rCold  . . .     Gourm    .     b - +0 scale mail
rNeg   . . .     Faith    .     c - +0 shield
rPois  .         Spirit   .     (helmet unavailable)
rElec  .         Dismiss  .     i - +0 cloak (curse)
rCorr  .         Reflect  .     h - +1 pair of gloves {Str+3}
SustAt .         Harm     .     (no boots)
MR     .....                    (no amulet)
Stlth  ..........               (no ring)
                                (no ring)

@: not resistant to hostile enchantments, extremely unstealthy
A: permanent stasis, dig shafts and tunnels, four strong arms, antennae 3
a: Dig, Shaft Self


You were on level 4 of the Dungeon.
You were hungry.

You visited 1 branch of the dungeon, and saw 4 of its levels.

You collected 194 gold pieces.

Inventory:

Hand Weapons
 a - a +0 long sword (weapon)
Armour
 b - a +0 scale mail (worn)
 c - a +0 shield (worn)
 h - a +1 pair of gloves of strength (worn)
 i - a cursed +0 cloak (worn)
 C - a +0 large shield
Jewellery
 w - an uncursed ring of ice {unknown}
Scrolls
 g - a scroll of fog {unknown}
 j - 3 scrolls of teleportation {unknown}
 k - a scroll of recharging {unknown}
 m - 3 scrolls of identify {unknown}
 n - 2 scrolls of amnesia {unknown}
 o - a scroll of random uselessness {unknown}
 q - a scroll of enchant armour {unknown}
 r - a scroll of magic mapping {unknown}
 s - 4 scrolls of remove curse {unknown}
 B - a scroll of noise {unknown}
Potions
 d - a potion of might
 e - a potion of cancellation {unknown}
 l - a potion of resistance {unknown}
 p - a potion of curing {unknown}
 u - 2 potions of brilliance {unknown}
 v - a potion of berserk rage {unknown}
 x - a potion of agility {unknown}
 D - a potion of beneficial mutation {unknown}
Comestibles
 f - 4 bread rations
 t - 3 fruits
 A - a meat ration


   Skills:
 + Level 4.5 Fighting
 + Level 3.6 Long Blades
 + Level 4.7 Armour
 + Level 5.4 Shields


You had 5 spell levels left.
You didn't know any spells.

Dungeon Overview and Level Annotations

Branches:
Dungeon (4/15)
 Temple: D:4-7

Altars:
Kikubaaqudgha
Qazlal
Zin

Annotations:
D:4 Edmund


Innate Abilities, Weirdness & Mutations

You are under a permanent stasis effect.
You can dig through walls and to a lower floor.
Your four strong arms can wield two-handed weapons with a shield.
You have a pair of large antennae on your head (SInv).


Message History

Edmund hits you with a flail of protection.
* * * LOW HITPOINT WARNING * * *
You hit Edmund.
Edmund is heavily wounded.
You block Edmund's attack.
You hit Edmund.
Edmund is severely wounded.
You block Edmund's attack.
You hit Edmund but do no damage.
Edmund is severely wounded.
Edmund hits you with a flail of protection.
* * * LOW HITPOINT WARNING * * *
You hit Edmund but do no damage.
Edmund is severely wounded.
Edmund hits you with a flail of protection!
* * * LOW HITPOINT WARNING * * *
You closely miss Edmund.
Edmund is severely wounded.
Edmund hits you with a flail of protection!
You die...

#.# #.............
#######.##
#........รท....
#........###.............
#..............####......
#..{........#### #......
#..###.###..# #......
########.# #.# #..#
#......
....)....###'###.##
#######
...........'_'@@.# #
.........#######.# #
.........# ### #..# #
.........#######..# #
######'#..........# #
#(#.....+....# #
#.#.##### ...# # #.#.#
..# #.#.#


You could see Edmund.

Vanquished Creatures
  The ghost of Zleub the Conjurer, an amateur DECj (D:4)
  Blork the orc (D:4)
  A centaur skeleton (D:4)
  6 adders
  A worm (D:3)
  3 dart slugs
  A giant gecko (D:4)
  A ball python (D:1)
  7 bats
  3 giant cockroaches (D:3)
  8 goblins
  3 hobgoblins
  4 jackals (D:2)
  A quokka (D:4)
  3 giant newts
  7 kobolds
  4 rats
55 creatures vanquished.

Notes
Turn   | Place    | Note
--------------------------------------------------------------
     0 | D:1      | George the Formicid Fighter began the quest for the Orb.
     0 | D:1      | Reached XP level 1. HP: 18/18 MP: 1/1
   285 | D:1      | Reached XP level 2. HP: 24/24 MP: 2/2
   642 | D:1      | Reached skill level 4 in Shields
  1098 | D:2      | Reached XP level 3. HP: 27/29 MP: 3/3
  1994 | D:3      | Reached XP level 4. HP: 35/35 MP: 4/4
  2600 | D:3      | Reached XP level 5. HP: 42/42 MP: 5/5
  2608 | D:3      | Found an ancient bone altar of Kikubaaqudgha.
  2711 | D:4      | Found a glowing silver altar of Zin.
  2737 | D:4      | Noticed Blork the orc
  2752 | D:4      | Killed Blork the orc
  2752 | D:4      | Reached skill level 5 in Shields
  2752 | D:4      | Reached XP level 6. HP: 29/48 MP: 6/6
  2763 | D:4      | Found a stormy altar of Qazlal.
  2815 | D:4      | Noticed Zleub's ghost (amateur DECj)
  2832 | D:4      | Killed Zleub's ghost
  2865 | D:4      | Noticed Edmund
  2913 | D:4      | Slain by Edmund

Vault maps used:
D:1:      minmay_arrival_doors, hangedman_decor_peaks_small,
          monster_avoids_cloud
D:2:      kennysheep_big_flooded_room, minivault_23
D:3:      lemuel_coloured_pillars_altar, first_bread
D:4:      lemuel_doored_altar, kennysheep_mini_moat,
          ashenzari_conservatory_becter, minmay_ogre_servants,
          uniq_blork_the_orc, uniq_edmund

Skill      XL: |  1  2  3  4  5 |
---------------+----------------+-----
Shields        | 4 5 |  5.4
Armour         | 4 |  4.7
Fighting       | 4 |  4.5
Long Blades    | 3 |  3.6

Action                   |  1- 3 |  4- 6 || total
-------------------------+-------+-------++-------
Melee: Long sword        |   147 |   122 ||   269
 Abil: Dig               |     1 |       ||     1
  Eat: Chunk             |     2 |     4 ||     6
Armor: Scale mail        |    78 |    48 ||   126
Dodge: Dodged            |    60 |    32 ||    92
Block: Shield            |    82 |    63 ||   145
